Map: King Sejong Station LE

Players

blackxored - Winner!

  • Race: Zerg Zerg
  • League: Diamond

Baloo

  • Race: Zerg Zerg
  • League: Platinum

VOD

Have the link to the VOD?

Description

Time

  • Played on: July 3, 2016, 6:09 a.m.
  • Length: 8:34
Show
View Real Time Build Order
Export as new Build Order

blackxored Zerg - Winner!

Build Orders: Pool First, Zergling Baneling 

Get SALT Encoding   

  12  0:01  Drone  
  13  0:09  Drone  
  14  0:16  Extractor  
  14  0:17  Drone  
  14  0:32  Spawning Pool  
  14  0:35  Drone  
  14  0:45  Overlord  
  14  0:52  Extractor, Drone  
  15  1:06  Drone x2  
  18  1:11  Drone  
  18  1:19  Queen  
  20  1:27  Overlord  
  20  1:31  Drone  
  21  1:39  Metabolic Boost  
  21  1:46  Baneling Nest  
  20  1:49  Zergling x2  
  20  1:53  Zergling x2  
  22  2:02  Zergling x2  
  23  2:12  Zergling x2  
  26  2:24  Zergling x2  
  26  2:28  Drone  
  26  2:29  Drone  
  27  2:33  Zergling x2  
  27  2:35  Hatchery  
  27  2:44  Zergling x2  
  28  3:00  Baneling x4  
  27  3:16  Zergling x4  
  27  3:17  Zergling x6  
  29  3:27  Zergling x2  
  29  3:28  Baneling x2  
  29  3:31  Zergling x2  
  28  3:59  Zergling x8  
  28  4:02  Queen  
  34  4:04  Baneling x2  
  34  4:05  Baneling x2  
  34  4:08  Zergling x4  
  34  4:09  Overlord  
  35  4:30  Zergling x6  
  35  4:31  Zergling x4  
  37  4:42  Zergling x8  
  38  4:55  Zergling x2  
  38  4:56  Zergling x2  
  38  4:57  Baneling  
  38  4:58  Baneling  
  40  5:03  Zergling x8  
  42  5:08  Baneling x2  
  42  5:13  Zergling x2  
  42  5:14  Zergling x2  
  44  5:20  Baneling  
  44  5:21  Baneling x2  
  43  5:29  Zergling x2  
  43  5:30  Overlord x2  
  37  5:57  Baneling x2  
  37  5:58  Baneling  
  37  6:03  Zergling x16  
  35  6:20  Zergling x6  
  38  6:31  Zergling x4  
  39  6:43  Zergling x4  
  39  6:44  Baneling  
  39  6:45  Baneling x4  
  35  7:09  Zergling x10  
  35  7:14  Zergling x2  
  38  7:21  Zergling x2  
  38  7:22  Zergling x10  
  40  7:25  Zergling x2  
  41  7:30  Baneling x2  
  41  7:31  Drone  
  43  7:37  Roach Warren, Drone x2  
  43  7:48  Baneling x3  
  43  7:53  Zergling x4  
  43  7:56  Baneling  
Show
View Real Time Build Order
Export as new Build Order

Baloo Zerg 

Build Orders: Hatch First 

Get SALT Encoding   

  12  0:04  Drone  
  13  0:12  Overlord  
  13  0:18  Drone  
  14  0:30  Drone x2  
  16  0:37  Drone  
  17  0:48  Drone  
  18  0:58  Hatchery  
  17  1:09  Spawning Pool  
  16  1:11  Extractor  
  16  1:14  Drone  
  16  1:18  Drone  
  17  1:22  Drone  
  18  1:32  Drone  
  19  1:46  Overlord  
  19  2:00  Queen  
  21  2:05  Zergling x4  
  23  2:10  Queen  
  23  2:12  Zergling x2  
  23  2:13  Metabolic Boost  
  26  2:17  Drone  
  27  2:24  Spine Crawler  
  27  2:26  Zergling x2  
  27  2:27  Zergling x2  
  28  2:33  Zergling x2  
  29  2:45  Spine Crawler  
  29  2:46  Zergling x4  
  30  2:53  Zergling x2  
  30  2:54  Zergling x2  
  32  3:04  Baneling Nest  
  31  3:16  Drone x2  
  31  3:17  Overlord  
  31  3:18  Drone  
  26  3:30  Zergling x4  
  26  3:31  Zergling x2  
  28  3:58  Zergling x10  
  28  3:59  Zergling x6  
  33  4:03  Baneling x2  
  33  4:09  Zergling x2  
  32  4:30  Drone x2  
  32  4:31  Drone x3  
  36  4:57  Zergling x10  
  39  5:10  Evolution Chamber  
  39  5:11  Evolution Chamber  
  39  5:13  Drone x2  
  39  5:14  Drone x3  
  40  5:15  Overlord  
  42  5:32  Overlord x2, Queen x2  
  45  5:49  Baneling x6  
  42  5:50  Zergling x2, Baneling x2  
  42  5:51  Zergling x10  
  31  6:17  Zergling x10  
  29  6:33  Queen x2  
  29  6:39  Zergling x2  
  33  6:40  Zergling x4  
  31  7:13  Zergling x2  
  31  7:14  Zergling x18  
  29  7:54  Queen  
  29  7:55  Zergling x4  
  29  7:56  Hatchery  
Tags
 
Add a new tag
Caveats
  • Supply blocks, unpowered buildings, or Contaminate may cause inaccurate times.
  • Supply counts are checked every 10 seconds.